PAAA
PAWNEE PARKSNREC @ SALT LAKE CITY BUZZ
08/22/2018
 
TOP OF THE 1ST
Pawnee ParksNRec batting - Pitching for Salt Lake City Buzz : LHP Júlio Hernández
Pitching: LHP Júlio Hernández
Batting: SHB Jim Unknown 0-0: Ball
1-0: Called Strike
1-1: SINGLE (Groundball, 15S) (infield hit)
Batting: RHB Jim Unknown 0-0: Called Strike
0-1: Ball
Wild Pitch!
Jim Unknown to second
1-1: Foul Ball, location: 2F
1-2: Ball
2-2: Fly out, F8 (Flyball, 8RXD)
Runner from 2nd tags up, SAFE at 3rd, no throw
Batting: RHB Jim Unknown 0-0: Ball
1-0: Called Strike
1-1: Swinging Strike
1-2: Ball
2-2: Strikes out swinging
Batting: RHB Jim Unknown 0-0: Ground out 6-3 (Groundball, 6)
Top of the 1st over - 0 run(s), 1 hit(s), 0 error(s), 1 left on base; Pawnee 0 - Salt Lake City 0
BOTTOM OF THE 1ST
Salt Lake City Buzz batting - Pitching for Pawnee ParksNRec : RHP Jim Unknown
Pitching: RHP Jim Unknown
Batting: LHB Chris Stoltzfus 0-0: SINGLE (Line Drive, 4MD)
Batting: RHB Steffen Taylor 0-0: Ball
1-0: Ball
2-0: SINGLE (Line Drive, 56D)
Chris Stoltzfus to second
Batting: LHB Fernando González 0-0: Ball
1-0: Foul Ball, location: 2F
1-1: Fly out, F8 (Flyball, 8LXD)
Runner from 2nd tags up, SAFE at 3rd, no throw
Batting: LHB George Huffman 0-0: Ball
1-0: Ball
2-0: Swinging Strike
2-1: Ball
3-1: Foul Ball, location: 2F
3-2: Fly out, F8 (Flyball, 8LD)
Runner from 3rd tags up, SCORES, no throw
Batting: RHB Jack Alexander 0-0: Foul Ball, location: 2F
0-1: Ball
1-1: Ball
2-1: Foul Ball, location: 2F
2-2: Ball
3-2: Foul Ball, location: 2F
3-2: Base on Balls
Steffen Taylor to second
Batting: RHB Roger Osborne 0-0: Called Strike
0-1: Fly out, F9 (Flyball, 9M)
Bottom of the 1st over - 1 run(s), 2 hit(s), 0 error(s), 2 left on base; Pawnee 0 - Salt Lake City 1
TOP OF THE 2ND
Pawnee ParksNRec batting - Pitching for Salt Lake City Buzz : LHP Júlio Hernández
Batting: RHB Jim Unknown 0-0: Swinging Strike
0-1: Called Strike
0-2: Ball
1-2: Strikes out swinging
Batting: RHB Jim Unknown 0-0: Foul Ball, location: 2F
0-1: SINGLE (Line Drive, 34D)
Batting: LHB Jim Unknown 0-0: Ball
1-0: Ball
2-0: Called Strike
2-1: Fly out, F6 (Popup, 6M)
Batting: RHB Jim Unknown 0-0: Ball
1-0: Ball
2-0: Foul Ball, location: 2F
2-1: Foul Ball, location: 2F
2-2: Foul Ball, location: 2F
2-2: Strikes out swinging
Top of the 2nd over - 0 run(s), 1 hit(s), 0 error(s), 1 left on base; Pawnee 0 - Salt Lake City 1
BOTTOM OF THE 2ND
Salt Lake City Buzz batting - Pitching for Pawnee ParksNRec : RHP Jim Unknown
Batting: RHB Jason Delaney 0-0: Fly out, F8 (Flyball, 8LM)
Batting: RHB John Ramsey 0-0: Called Strike
0-1: Ball
1-1: Foul Ball, location: 2F
1-2: Foul Ball, location: 2F
1-2: Ball
2-2: Strikes out looking
Batting: SHB Carlton Reed 0-0: Swinging Strike
0-1: Ball
1-1: Ball
2-1: Ball
3-1: Foul Ball, location: 2F
3-2: Foul Ball, location: 2F
3-2: Strikes out swinging
Bottom of the 2nd over - 0 run(s), 0 hit(s), 0 error(s), 0 left on base; Pawnee 0 - Salt Lake City 1
TOP OF THE 3RD
Pawnee ParksNRec batting - Pitching for Salt Lake City Buzz : LHP Júlio Hernández
Batting: SHB Jim Unknown 0-0: Called Strike
0-1: Ball
1-1: Ground out 6-3 (Groundball, 6)
Batting: SHB Jim Unknown 0-0: Foul Ball, location: 2F
0-1: Ball
1-1: Fly out, F4 (Popup, 4D)
Batting: RHB Jim Unknown 0-0: SINGLE (Line Drive, 4D)
Batting: RHB Jim Unknown 0-0: Ball
1-0: Ball
2-0: Foul Ball, location: 2F
2-1: Ball
3-1: Base on Balls
Jim Unknown to second
Batting: RHB Jim Unknown 0-0: Fly out, F8 (Flyball, 8LM)
Top of the 3rd over - 0 run(s), 1 hit(s), 0 error(s), 2 left on base; Pawnee 0 - Salt Lake City 1
BOTTOM OF THE 3RD
Salt Lake City Buzz batting - Pitching for Pawnee ParksNRec : RHP Jim Unknown
Batting: LHB Chris Stoltzfus 0-0: Foul Ball, location: 2F
0-1: Foul Ball, location: 2F
0-2: Foul Ball, location: 2F
0-2: Ball
1-2: Ground out 3-1 (Groundball, 34)
Batting: RHB Steffen Taylor 0-0: Ball
1-0: Fly out, F8 (Flyball, 8LM)
Batting: LHB Fernando González 0-0: Foul Ball, location: 2F
0-1: Ball
1-1: Ball
2-1: Ball
3-1: Called Strike
3-2: Ground out 4-3 (Groundball, 4)
Bottom of the 3rd over - 0 run(s), 0 hit(s), 0 error(s), 0 left on base; Pawnee 0 - Salt Lake City 1
TOP OF THE 4TH
Pawnee ParksNRec batting - Pitching for Salt Lake City Buzz : LHP Júlio Hernández
Batting: RHB Jim Unknown 0-0: Called Strike
0-1: Foul Ball, location: 2F
0-2: Foul Ball, location: 2F
0-2: Ball
1-2: Ball
2-2: Ball
3-2: Base on Balls
Batting: RHB Jim Unknown 0-0: Called Strike
Jim Unknown is caught stealing 2nd base
0-1: Called Strike
0-2: Ball
1-2: Strikes out looking
Batting: LHB Jim Unknown 0-0: Ball
1-0: Swinging Strike
1-1: Foul Ball, location: 2F
1-2: DOUBLE (Flyball, 78M)
Batting: RHB Jim Unknown 0-0: Called Strike
0-1: Ball
1-1: Swinging Strike
1-2: Ball
2-2: Ball
3-2: Foul Ball, location: 2F
3-2: Foul Ball, location: 2F
3-2: Base on Balls
Batting: SHB Jim Unknown 0-0: Ball
1-0: Ground out 6-3 (Groundball, 6D)
Top of the 4th over - 0 run(s), 1 hit(s), 0 error(s), 2 left on base; Pawnee 0 - Salt Lake City 1
BOTTOM OF THE 4TH
Salt Lake City Buzz batting - Pitching for Pawnee ParksNRec : RHP Jim Unknown
Batting: LHB George Huffman 0-0: Ball
1-0: SOLO HOME RUN (Line Drive, 9D), Distance : 397 ft
Batting: RHB Jack Alexander 0-0: Ball
1-0: Swinging Strike
1-1: Foul Ball, location: 2F
1-2: Ball
2-2: Ground out 1-3 (Groundball, 13)
Batting: RHB Roger Osborne 0-0: Ball
1-0: Ball
2-0: Foul Ball, location: 2F
2-1: Swinging Strike
2-2: Ball
3-2: Strikes out swinging
Batting: RHB Jason Delaney 0-0: Foul Ball, location: 2F
0-1: Ball
1-1: Foul Ball, location: 2F
1-2: Strikes out swinging
Bottom of the 4th over - 1 run(s), 1 hit(s), 0 error(s), 0 left on base; Pawnee 0 - Salt Lake City 2
TOP OF THE 5TH
Pawnee ParksNRec batting - Pitching for Salt Lake City Buzz : LHP Júlio Hernández
Batting: SHB Jim Unknown 0-0: Ball
1-0: Called Strike
1-1: Foul Ball, location: 2F
1-2: Strikes out swinging
Batting: RHB Jim Unknown 0-0: Ball
1-0: Swinging Strike
1-1: Ball
2-1: Called Strike
2-2: Strikes out looking
Batting: RHB Jim Unknown 0-0: Swinging Strike
0-1: Foul Ball, location: 2F
0-2: Reached on error, E6 (Groundball, 6)
Batting: RHB Jim Unknown 0-0: Ball
1-0: Ball
2-0: Ball
3-0: Called Strike
3-1: Foul Ball, location: 2F
3-2: Foul Ball, location: 2F
3-2: Fly out, F3 (Popup, 13)
Top of the 5th over - 0 run(s), 0 hit(s), 1 error(s), 1 left on base; Pawnee 0 - Salt Lake City 2
BOTTOM OF THE 5TH
Salt Lake City Buzz batting - Pitching for Pawnee ParksNRec : RHP Jim Unknown
Batting: RHB John Ramsey 0-0: Called Strike
0-1: Called Strike
0-2: Strikes out swinging
Batting: SHB Carlton Reed 0-0: Ground out 6-3 (Groundball, 6)
Batting: LHB Chris Stoltzfus 0-0: Called Strike
0-1: DOUBLE (Line Drive, 5L)
Batting: RHB Steffen Taylor 0-0: Ball
1-0: Foul Ball, location: 2F
1-1: Ground out 5-3 (Groundball, 56S)
Bottom of the 5th over - 0 run(s), 1 hit(s), 0 error(s), 1 left on base; Pawnee 0 - Salt Lake City 2
TOP OF THE 6TH
Pawnee ParksNRec batting - Pitching for Salt Lake City Buzz : LHP Júlio Hernández
Batting: RHB Jim Unknown 0-0: Ball
1-0: SINGLE (Groundball, 4D)
Batting: RHB Jim Unknown Pickoff Throw to First - Out!
0-0: Ball
1-0: Ball
2-0: Fly out, F6 (Popup, 6MD)
Batting: LHB Jim Unknown 0-0: Ball
1-0: Ball
2-0: Ground out 4-3 (Groundball, 4M)
Top of the 6th over - 0 run(s), 1 hit(s), 0 error(s), 0 left on base; Pawnee 0 - Salt Lake City 2
BOTTOM OF THE 6TH
Salt Lake City Buzz batting - Pitching for Pawnee ParksNRec : RHP Jim Unknown
Batting: LHB Fernando González 0-0: Ball
1-0: Ball
2-0: Ball
3-0: Called Strike
3-1: Called Strike
3-2: Ground out U3 (Groundball, 3S)
Batting: LHB George Huffman 0-0: Called Strike
0-1: Fly out, F9 (Flyball, 89XD)
Batting: RHB Jack Alexander 0-0: Swinging Strike
0-1: SINGLE (Groundball, 25) (infield hit)
Batting: RHB Roger Osborne 0-0: Called Strike
0-1: Fly out, F8 (Flyball, 78M)
Bottom of the 6th over - 0 run(s), 1 hit(s), 0 error(s), 1 left on base; Pawnee 0 - Salt Lake City 2
TOP OF THE 7TH
Pawnee ParksNRec batting - Pitching for Salt Lake City Buzz : LHP Júlio Hernández
Batting: RHB Jim Unknown 0-0: Foul Ball, location: 2F
0-1: Ground out 4-3 (Groundball, 4)
Batting: SHB Jim Unknown 0-0: Ground out 5-3 (Groundball, 5S)
Batting: SHB Jim Unknown 0-0: Foul Ball, location: 2F
0-1: Foul Ball, location: 2F
0-2: Foul Ball, location: 2F
0-2: Ball
1-2: Foul Ball, location: 2F
1-2: Ball
2-2: Ground out 1-3 (Groundball, 25)
Top of the 7th over - 0 run(s), 0 hit(s), 0 error(s), 0 left on base; Pawnee 0 - Salt Lake City 2
BOTTOM OF THE 7TH
Salt Lake City Buzz batting - Pitching for Pawnee ParksNRec : RHP Jim Unknown
Batting: RHB Jason Delaney 0-0: Ball
1-0: Fly out, F6 (Popup, 5L)
Batting: RHB John Ramsey 0-0: Swinging Strike
0-1: Ground out 5-3 (Groundball, 5S)
Batting: SHB Carlton Reed 0-0: Ball
1-0: Ball
2-0: Ground out 1-3 (Groundball, 13)
Bottom of the 7th over - 0 run(s), 0 hit(s), 0 error(s), 0 left on base; Pawnee 0 - Salt Lake City 2
TOP OF THE 8TH
Pawnee ParksNRec batting - Pitching for Salt Lake City Buzz : LHP Júlio Hernández
Now at 3B: Ugo Brandini
Batting: RHB Jim Unknown 0-0: Called Strike
0-1: Ball
1-1: Foul Ball, location: 2F
1-2: Ground out 4-3 (Groundball, 13)
Batting: RHB Jim Unknown 0-0: Swinging Strike
0-1: Swinging Strike
0-2: Strikes out swinging
Batting: RHB Jim Unknown 0-0: Swinging Strike
0-1: Swinging Strike
0-2: Ball
1-2: Ball
2-2: Ball
3-2: Fly out, F9 (Flyball, 89S)
Top of the 8th over - 0 run(s), 0 hit(s), 0 error(s), 0 left on base; Pawnee 0 - Salt Lake City 2
BOTTOM OF THE 8TH
Salt Lake City Buzz batting - Pitching for Pawnee ParksNRec : RHP Jim Unknown
Batting: LHB Chris Stoltzfus 0-0: Ball
1-0: Fly out, F9 (Flyball, 9D)
Batting: RHB Ugo Brandini 0-0: Called Strike
0-1: Swinging Strike
0-2: Ball
1-2: Strikes out swinging
Batting: LHB Fernando González 0-0: Ball
1-0: Ball
2-0: Foul Ball, location: 2F
2-1: Fly out, F7 (Line Drive, 7LD)
Bottom of the 8th over - 0 run(s), 0 hit(s), 0 error(s), 0 left on base; Pawnee 0 - Salt Lake City 2
TOP OF THE 9TH
Pawnee ParksNRec batting - Pitching for Salt Lake City Buzz : LHP Júlio Hernández
Pitching: RHP Barry Jones
Batting: RHB Jim Unknown 0-0: Ball
1-0: Called Strike
1-1: Ball
2-1: Fly out, F9 (Popup, 89S)
Batting: RHB Jim Unknown 0-0: Ball
1-0: Ball
2-0: Called Strike
2-1: Foul Ball, location: 2F
2-2: Ball
3-2: Strikes out swinging
Batting: LHB Jim Unknown 0-0: Swinging Strike
0-1: Swinging Strike
0-2: Ball
1-2: Strikes out swinging
Top of the 9th over - 0 run(s), 0 hit(s), 0 error(s), 0 left on base; Pawnee 0 - Salt Lake City 2
This league is powered by Out of the Park Baseball, the baseball management simulation game for PC, Mac and Linux
Monday, May 4th, 2015 - OOTP Baseball 15.6 Build 34